 Dungeon Crawl Stone Soup version 0.28-a0-518-g36894cfc38 (webtiles) character file.

Game seed: 13240328204420455187

2458 Majang the Carver (level 9, -1/67 HPs)
             Began as a Vampire Gladiator on Sept 23, 2021.
             Was a Follower of Makhleb.
             Slain by a two-headed ogre (3 damage)
             ... on level 7 of the Dungeon.
             The game lasted 00:22:10 (6691 turns).

Majang the Carver (Vampire Gladiator)               Turns: 6691, Time: 00:22:10

Health: -1/67      AC: 15    Str: 16    XL:     9   Next: 26%
Magic:  20/20      EV: 11    Int: 11    God:    Makhleb [*.....]
Gold:   162        SH:  5    Dex: 15    Spells: 8/8 levels left

rFire   . . .      SeeInvis +   a - +0 long sword
rCold   . . .      Faith    .   (no shield)
rNeg    + . .      Spirit   .   u - +3 scale mail of the Sky {rN+ Will+ MP+9}
rPois   +          Reflect  +   c - +0 helmet
rElec   .          Harm     .   E - +2 cloak {Stlth+}
rCorr   .          Rampage  .   (no gloves)
Will    +....                   e - +0 pair of boots
Stlth   +++.......              q - amulet of reflection
HPRegen 0.41/turn               i - ring of poison resistance
MPRegen 0.17/turn               (no ring)

@: healing quickly
A: alive, fangs 3, see invisible, vampiric 2
a: Exsanguinate, Renounce Religion


You were on level 7 of the Dungeon.
You worshipped Makhleb.
Makhleb was aware of your devotion.
You visited 2 branches of the dungeon, and saw 8 of its levels.

You collected 378 gold pieces.
You spent 216 gold pieces at shops.

Inventory:

Hand Weapons
 a - a +0 long sword (weapon)
Missiles
 f - 43 poisoned darts (quivered)
 n - a boomerang
Armour
 c - a +0 helmet (worn)
 e - a +0 pair of boots (worn)
 p - +0 acid dragon scales
 u - the +3 scale mail of the Sky (worn) {rN+ Will+ MP+9}
   (You bought it in a shop on level 2 of the Dungeon)

   rN:        It protects you from negative energy.
   MP:        It affects your magic capacity (+9).
   Will:      It increases your willpower.
 E - a +2 cloak of stealth (worn)
Jewellery
 i - a ring of poison resistance (left hand)
 q - an amulet of reflection (around neck)
Wands
 s - a wand of iceblast (6)
Scrolls
 j - 2 scrolls of magic mapping {unknown}
 k - 2 scrolls of teleportation {unknown}
 m - a scroll of enchant armour {unknown}
 r - a scroll of silence {unknown}
 w - 3 scrolls of identify {unknown}
 y - a scroll of noise {unknown}
 B - a scroll of brand weapon {unknown}
 C - a scroll of acquirement {unknown}
Potions
 b - a potion of cancellation {unknown}
 g - a potion of lignification {unknown}
 h - a potion of experience {unknown}
 l - a potion of curing
 o - 2 potions of haste
 t - a potion of resistance {unknown}
 v - a potion of mutation {unknown}
 x - a potion of might {unknown}
 z - a potion of brilliance {unknown}
 A - a potion of magic {unknown}
 D - a potion of invisibility


   Skills:
 + Level 4.8 Fighting
 * Level 8.0 Long Blades
 + Level 3.5 Throwing
 + Level 3.0 Armour
 + Level 5.4 Dodging
 + Level 6.0 Stealth
 + Level 3.3 Invocations


You had 8 spell levels left.
You didn't know any spells.
Your spell library contained the following spells:

 Spells                   Type           Power      Damage    Failure   Level
 Foxfire                  Conj/Fire      0%         2x1d4     77%         1
 Magic Dart               Conj           0%         1d3       77%         1
 Call Imp                 Summ           0%         N/A       88%         2
 Conjure Flame            Conj/Fire      0%         6-21      98%         3
 Inner Flame              Hex/Fire       0%         N/A       98%         3
 Mephitic Cloud           Conj/Pois/Air  0%         N/A       98%         3
 Stone Arrow              Conj/Erth      0%         3d7       98%         3
 Animate Armour           Summ/Erth      0%         N/A       100%        4
 Flame Wave               Conj/Fire      0%         3d3       100%        4
 Lehudib's Crystal Spear  Conj/Erth      0%         10d2      100%        8


Dungeon Overview and Level Annotations

Branches:
Dungeon (7/15)             Temple (1/1) D:4

Altars:
Ashenzari
Cheibriados
Dithmenos
Elyvilon
Fedhas
Gozag
Hepliaklqana
Kikubaaqudgha
Makhleb
Nemelex Xobeh
Okawaru
Qazlal
Ru
Sif Muna
Trog
Uskayaw
Vehumet
Wu Jian
Yredelemnul
Zin
The Shining One

Shops:
D:2 [


Innate Abilities, Weirdness & Mutations

Your natural rate of healing is accelerated.
You have razor-sharp teeth.
You have supernaturally acute eyesight. (SInv)
You are afflicted with vampirism and can become a bat while bloodless.


Message History

The two-headed ogre is severely wounded.
The two-headed ogre hits you with a +0 giant club!!
* * * LOW HITPOINT WARNING * * *
The two-headed ogre closely misses you.
Throw: 43 darts (poison)
Press: ? - help, Q - select action, (/) - cycle Shift-Dir - straight line, f - two-headed ogre
Aim: a two-headed ogre, wielding a +0 giant club and a +0 giant spiked club (severely wounded, 76% to hit)
Okay, then.
Throw: 2 throwing nets
Press: ? - help, Shift-Dir - straight line, f - two-headed ogre
Aim: a two-headed ogre, wielding a +0 giant club and a +0 giant spiked club (severely wounded, 76% to hit)
You throw a throwing net.
The throwing net barely misses the two-headed ogre.
You block the two-headed ogre's attack. The two-headed ogre barely misses you.
Throw: throwing net
Press: ? - help, Shift-Dir - straight line, f/p - two-headed ogre
Aim: a two-headed ogre, wielding a +0 giant club and a +0 giant spiked club (severely wounded, 76% to hit)
You throw a throwing net.
The throwing net barely misses the two-headed ogre.
You slash the two-headed ogre!
The two-headed ogre is almost dead.
The two-headed ogre barely misses you.
The two-headed ogre hits you with a +0 giant spiked club!
* * * LOW HITPOINT WARNING * * *
You barely miss the two-headed ogre.
The two-headed ogre is almost dead.
You block the two-headed ogre's attack.
The two-headed ogre hits you with a +0 giant spiked club.
* * * LOW HITPOINT WARNING * * *
You completely miss the two-headed ogre.
Your bite misses the two-headed ogre.
The two-headed ogre is severely wounded.
You hit the two-headed ogre.
The two-headed ogre is almost dead.
You block the two-headed ogre's attack.
The two-headed ogre hits you but does no damage.
You closely miss the two-headed ogre.
The two-headed ogre is almost dead.
The two-headed ogre hits you with a +0 giant club.
You die...

#.#.<#...####.#.#
# #..##.........#
#....##.#......#
#.###.##.#..#>##.
## #.##.#..# #
#....#Y.# .
#.####..#
#...#####.####..#
#(...O@........#
........######.##
#########


You could see a two-headed ogre.

Vanquished Creatures
  Pikel (D:6)
  A troll (D:6)
  Grinder (D:4)
  A steam dragon (D:6)
  An acid dragon (D:6)
  2 water moccasins
  An ice beast (D:6)
  A black bear (D:4)
  A necrophage (D:5)
  A centaur (D:3)
  3 lemures
  2 scorpions
  A vampire bat (D:3)
  A bullfrog zombie (D:5)
  2 centaur zombies
  3 hounds
  Crazy Yiuf (D:6)
  2 bullfrog skeletons
  2 iguanas
  An orc wizard (D:4)
  2 hound skeletons (D:5)
  A howler monkey zombie (D:6)
  11 gnolls
  A howler monkey skeleton (D:6)
  6 adders
  2 adder skeletons (D:4)
  A worm (D:2)
  2 dart slugs
  4 orcs
  7 bats
  4 bat skeletons (D:3)
  2 bat zombies (D:3)
  6 endoplasms
  A giant cockroach (D:1)
  4 goblins
  4 hobgoblins
  7 jackals (D:2)
  9 ball pythons
  7 frilled lizards
  12 kobolds
  6 rats
128 creatures vanquished.

Vanquished Creatures (others)
  2 withered plants (D:2)
2 creatures vanquished.

Grand Total: 130 creatures vanquished

Notes
Turn   | Place    | Note
-------+----------+-------------------------------------------
     0 | D:1      | Majang the Vampire Gladiator began the quest for the Orb.
     0 | D:1      | Reached XP level 1. HP: 16/16 MP: 1/1
   214 | D:1      | Reached XP level 2. HP: 22/22 MP: 2/2
   590 | D:2      | Gained mutation: You are afflicted with vampirism and can
                  | become a bat while bloodless. [Vampire growth]
   590 | D:2      | Reached XP level 3. HP: 9/21 MP: 3/3
   770 | D:2      | Reached skill level 4 in Long Blades
  1338 | D:2      | Found a faded altar of an unknown god.
  1446 | D:2      | Found Alim's Antique Armour Shop.
  1522 | D:2      | Reached XP level 4. HP: 30/30 MP: 4/4
  1873 | D:3      | HP: 1/30 [gnoll (8)]
  1979 | D:3      | Noticed a centaur
  1993 | D:3      | Killed a centaur
  1994 | D:3      | Reached skill level 5 in Long Blades
  1994 | D:3      | Reached XP level 5. HP: 21/36 MP: 5/5
  2299 | D:3      | Found a blossoming altar of Fedhas.
  2299 | D:3      | Found a burning altar of Makhleb.
  2301 | D:3      | Found an opulent altar of Gozag.
  2312 | D:3      | Became a worshipper of Makhleb the Destroyer
  2590 | D:3      | Found a snail-covered altar of Cheibriados.
  2908 | D:3      | Found an ancient bone altar of Kikubaaqudgha.
  2922 | D:3      | Reached skill level 1 in Stealth
  2922 | D:3      | Reached XP level 6. HP: 41/47 MP: 6/6
  3206 | D:2      | Bought a faintly glowing scale mail for 216 gold pieces
  3206 | D:2      | Identified the +3 scale mail of the Sky {rN+ Will+ MP+9}
                  | (You bought it in a shop on level 2 of the Dungeon)
  3405 | D:3      | Reached * piety under Makhleb
  3635 | D:4      | Reached skill level 1 in Invocations
  3722 | D:4      | Reached skill level 6 in Long Blades
  3722 | D:4      | Reached skill level 1 in Armour
  3741 | D:4      | Found a staircase to the Ecumenical Temple.
  3746 | D:4      | Noticed Grinder
  3750 | Temple   | Entered the Ecumenical Temple
  3815 | D:4      | Killed Grinder
  3816 | D:4      | Reached XP level 7. HP: 40/53 MP: 8/8
  4353 | D:5      | Entered Level 5 of the Dungeon
  4629 | D:6      | Noticed Pikel
  4762 | D:6      | Killed Pikel
  4763 | D:6      | Reached skill level 7 in Long Blades
  4763 | D:6      | Reached XP level 8. HP: 14/60 MP: 9/9
  5254 | D:6      | Identified the +2 robe of Agnosticism {Drain rN+++ Str+4
                  | Stlth-}
  5425 | D:5      | Reached skill level 5 in Stealth
  5471 | D:5      | Reached skill level 5 in Dodging
  5778 | D:6      | Found a runed translucent door.
  5779 | D:6      | Noticed Crazy Yiuf
  5787 | D:6      | Killed Crazy Yiuf
  5965 | D:6      | Reached XP level 9. HP: 66/66 MP: 11/11
  6116 | D:6      | Noticed a troll
  6143 | D:6      | Killed a troll
  6485 | D:6      | Reached skill level 8 in Long Blades
  6673 | D:7      | Noticed a two-headed ogre
  6687 | D:7      | HP: 1/67 [two-headed ogre (7)]
  6691 | D:7      | Slain by a two-headed ogre

Illustrated notes

Levels and vault maps discovered:
D:1:      onia_arrival_pyramid, layout_rooms, minmay_close_crescents
D:2:      layout_loops_cross, serial_shops, shop_fountains,
          ebering_ecumenical_altar_petrified
D:3:      minmay_chambers_of_twos, layout_loops_corners,
          lemuel_coloured_pillars_altar, minitemple, kennysheep_vampire_church,
          kennysheep_generic_room_10
D:4:      cheibrodos_helix_gallery, layout_loops_cross,
          minmay_temple_entry_purple_smoke, uniq_grinder
D:5:      layout_basic
D:6:      layout_basic, kennysheep_generic_room_9, uniq_pikel,
          uniq_crazy_yiuf_cottage
D:7:      layout_loops_ring, chequers_garden, uniq_menkaure
Temple:   lightli_temple_of_artemis

Skill      XL: |  1  2  3  4  5  6  7  8  9 |
---------------+----------------------------+-----
Fighting       | 2 3 4 |  4.8
Long Blades    | 4 5 6 7 8 |  8.0
Stealth        | 1 3 4 5 6 |  6.0
Invocations    | 1 2 3 |  3.3
Throwing       | 2 3 |  3.5
Armour         | 1 2 3 |  3.0
Dodging        | 4 5 |  5.4

Action                   |  1- 3 |  4- 6 |  7- 9 || total
-------------------------+-------+-------+-------++-------
Melee: Long sword        |   122 |   178 |   288 ||   588
       Bite              |     9 |    18 |    47 ||    74
Throw: Dart              |       |     9 |     3 ||    12
       Throwing net      |       |       |     5 ||     5
       Boomerang         |       |       |     1 ||     1
 Abil: Exsanguinate      |     1 |       |       ||     1
       Revivify          |     1 |       |       ||     1
  Use: Potion            |       |     3 |     2 ||     5
 Stab: Invisible         |       |       |     1 ||     1
       Sleeping          |       |       |     4 ||     4
       Held in net/web   |       |       |     3 ||     3
Armor: Leather armour    |    12 |       |       ||    12
       Ring mail         |    37 |    52 |       ||    89
       Scale mail        |       |    34 |   116 ||   150
Dodge: Dodged            |    79 |    99 |   117 ||   295
Block: Other             |     5 |    33 |    72 ||   110
       Reflection        |     2 |       |       ||     2

Table legend: (Time is in decaauts)
 A = Elapsed time spent in this place.
 B = Non-inter-level travel time spent in this place.
 C = Inter-level travel time spent in this place.
 D = Time resting spent in this place.
 E = Time spent auto-exploring this place.
 F = Levels seen in this place.
 G = Mean time per level.
                   A        B        C        D        E       F      G
               +--------+--------+--------+--------+--------+-----+--------+
         Total |   6736 |   6423 |    313 |   1447 |   3337 |   8 |  842.0 |
       Dungeon |   6696 |   6383 |    313 |   1447 |   3337 |   7 |  956.6 |
        Temple |     39 |     39 |      0 |      0 |      0 |   1 |   39.0 |
               +--------+--------+--------+--------+--------+-----+--------+

Top non-repeatable levels by time:
     D:3: 1647 daAuts
     D:6: 1639 daAuts
     D:2: 1325 daAuts
     D:4: 877 daAuts
     D:5: 605 daAuts
     D:1: 568 daAuts
  Temple: 39 daAuts
     D:7: 32 daAuts
